 Dungeon Crawl Stone Soup version 0.28.0-47-ge53b351184 (webtiles) character file.

Game seed: 11605403693471239157

396 Peloso the Slasher (level 6, -1/55 HPs)
             Began as a Minotaur Fighter on May 1, 2022.
             Slain by Sigmund
             ... wielding a +0 scythe
              (9 damage)
             ... on level 4 of the Dungeon.
             The game lasted 00:08:47 (4037 turns).

Peloso the Slasher (Minotaur Fighter)               Turns: 4037, Time: 00:08:47

Health: -1/55      AC: 11    Str: 20    XL:     6   Next: 52%
Magic:  5/5        EV:  7    Int:  5    God:
Gold:   78         SH:  5    Dex: 12    Spells: 5/5 levels left

rFire   . . .      SeeInvis +   a - +0 long sword
rCold   . . .      Faith    .   c - +0 buckler
rNeg    . . .      Spirit   .   h - +0 chain mail
rPois   .          Reflect  .   (helmet restricted)
rElec   .          Harm     .   (no cloak)
rCorr   .          Rampage  .   (no gloves)
Will    .....                   s - +0 pair of boots
Stlth   ..........              (no amulet)
HPRegen 0.18/turn               o - ring of see invisible
MPRegen 0.09/turn               (no ring)

@: mighty, lethally poisoned (-1 -> -4)
A: horns 2, retaliatory headbutt
a: no special abilities


You were on level 4 of the Dungeon.
You visited 1 branch of the dungeon, and saw 4 of its levels.
You also visited: Ossuary.

You collected 78 gold pieces.

Inventory:

Hand Weapons
 a - a +0 long sword (weapon)
Armour
 b - a +0 scale mail
 c - a +0 buckler (worn)
 h - a +0 chain mail (worn)
 s - a +0 pair of boots (worn)
Jewellery
 o - a ring of see invisible (left hand)
Scrolls
 e - 3 scrolls of noise
 l - a scroll of teleportation
 m - a scroll of magic mapping {unknown}
 n - a scroll of blinking {unknown}
 r - a scroll of amnesia {unknown}
Potions
 f - 2 potions of invisibility {unknown}
 g - a potion of flight {unknown}
 i - a potion of ambrosia {unknown}
 j - a potion of brilliance {unknown}
 k - 2 potions of curing {unknown}
 p - a potion of mutation {unknown}


   Skills:
 + Level 4.8 Fighting
 + Level 6.1 Long Blades
 + Level 5.0 Armour
 + Level 1.1 Dodging
 + Level 0.3 Stealth
 + Level 4.6 Shields


You had 5 spell levels left.
You didn't know any spells.
Your spell library was empty.

Dungeon Overview and Level Annotations

Branches:
Dungeon (4/15)            Ossuary (visited)
 Temple: D:4-7

Altars:
Ru
Sif Muna

Annotations:
D:4 Sigmund


Innate Abilities, Weirdness & Mutations

You have a pair of horns on your head.
You reflexively headbutt those who attack you in melee.


Message History

You closely miss the scorpion. Your headbutt misses the scorpion.
Sigmund asks, "Do you like me?" The scorpion closely misses you.
You closely miss the scorpion. Your headbutt misses the scorpion.
The scorpion stings you.
Sigmund casts a spell.
Sigmund flickers and vanishes for a moment.
You barely miss the scorpion.
The scorpion stings you but does no damage.
You block Sigmund's attack. You block the scorpion's attack.
You hit the scorpion.
The scorpion is lightly wounded.
The scorpion stings you.
You are poisoned.
The scorpion poisons you!
Sigmund hits you from afar with a +0 scythe!
* * * LOW HITPOINT WARNING * * *
You slash the scorpion!
You kill the scorpion!
You feel sick.
Sigmund hits you from afar with a +0 scythe.
* * * LOW HITPOINT WARNING * * *
Your life force feels restored.
Your Armour skill increases to level 5!
You slice the iguana!!
You kill the iguana!
You feel sick.
Your Long Blades skill increases to level 6!
Unknown command.
You slash the kobold!
You kill the kobold!
You feel sick. Sigmund says, "I'm your fate." You block Sigmund's attack.
Unknown command.
You slice the goblin zombie!!
You destroy the goblin zombie!
You feel sick.
Sigmund hits you from afar with a +0 scythe!
You die...

#........##..#....#
#.>..........#....#
##....#.$.........#
.#......K.........#
......#l.#######
##......@#.....#
###[##..#.@...# #.
#.s#)#.#.# #
#..#@#K#.#
#s.###.###.#
#..........#
#####..##..# ##.#
## #.# #.# #.# ...


You could see Sigmund (invisible).

Vanquished Creatures
  A scorpion (D:4)
  A water moccasin skeleton (D:3)
  An orc priest (D:3)
  An iguana (D:4)
  An orc wizard (D:3)
  A mummy (Ossuary)
  Robin (D:3)
  3 adders
  An ufetubus (D:4)
  A worm (D:2)
  2 dart slugs
  8 orcs (D:3)
  A spectral bat (Ossuary)
  8 ball pythons
  6 bats
  4 endoplasms
  A giant cockroach (D:1)
  12 gnoll zombies (Ossuary)
  13 goblins
  12 hobgoblins
  2 jackals (D:2)
  5 kobolds
  3 quokkas
  12 frilled lizards
  3 goblin simulacra (Ossuary)
  7 goblin zombies
  3 hobgoblin zombies (Ossuary)
  3 kobold simulacra (Ossuary)
  6 kobold zombies (Ossuary)
  4 orc zombies (Ossuary)
  15 rats
  2 rat simulacra (Ossuary)
  5 spectral goblins (Ossuary)
  3 spectral kobolds (Ossuary)
  3 spectral rats (Ossuary)
155 creatures vanquished.

Notes
Turn   | Place    | Note
-------+----------+-------------------------------------------
     0 | D:1      | Peloso the Minotaur Fighter began the quest for the Orb.
     0 | D:1      | Reached XP level 1. HP: 19/19 MP: 0/0
   226 | D:1      | Reached XP level 2. HP: 27/27 MP: 1/1
   379 | D:1      | Reached skill level 3 in Long Blades
   415 | D:1      | Reached XP level 3. HP: 33/33 MP: 2/2
  2061 | D:3      | Reached XP level 4. HP: 40/40 MP: 3/3
  2119 | D:3      | Found a sacrificial altar of Ru.
  2177 | D:3      | Noticed Robin
  2197 | D:3      | Killed Robin
  2198 | D:3      | Reached skill level 4 in Long Blades
  2299 | D:3      | Reached XP level 5. HP: 29/46 MP: 4/4
  2444 | D:3      | Reached skill level 1 in Dodging
  2445 | D:3      | Reached skill level 5 in Long Blades
  2714 | D:3      | Found a faded altar of an unknown god.
  2780 | D:3      | Found a shimmering blue altar of Sif Muna.
  3133 | D:4      | Noticed Sigmund
  3167 | D:4      | Found a sand-covered staircase.
  3174 | Ossuary  | Entered an ossuary
  3486 | Ossuary  | Reached XP level 6. HP: 53/53 MP: 5/5
  4035 | D:4      | Reached skill level 5 in Armour
  4036 | D:4      | Reached skill level 6 in Long Blades
  4037 | D:4      | Slain by Sigmund

Illustrated notes

Levels and vault maps discovered:
D:1:      sevenhm_arrival_forest_fort_large_4, layout_basic, st_stairs_1,
          minmay_lizard_pond
D:2:      layout_basic
D:3:      layout_basic, nicolae_ru_the_path_less_chosen, led_sif_book,
          basic_ecumenical_altar, hangedman_decor_points, uniq_robin
D:4:      layout_basic, minmay_temple_entry_butterflies, serial_shops,
          nicolae_shop_window_shopping, enter_ossuary_4, uniq_duvessa,
          uniq_sigmund

Skill      XL: |  1  2  3  4  5  6 |
---------------+-------------------+-----
Armour         | 4 5 |  5.0
Long Blades    | 3 4 5 6 |  6.1
Shields        | 4 |  4.6
Fighting       | 4 |  4.8
Dodging        | 1 |  1.1
Stealth        | |  0.3

Action                   |  1- 3 |  4- 6 || total
-------------------------+-------+-------++-------
Melee: Long sword        |   127 |   208 ||   335
       Headbutt          |    10 |    38 ||    48
  Use: Scroll            |     4 |     2 ||     6
       Potion            |       |     1 ||     1
Armor: Scale mail        |    13 |       ||    13
       Chain mail        |    47 |    91 ||   138
Dodge: Dodged            |    57 |    65 ||   122
Block: Buckler           |    35 |    56 ||    91
